 Dungeon Crawl Stone Soup version 0.16.0-17-g811c1d7 (webtiles) character file.

241206 ketsa the Eclecticist (level 19, -1/108 HPs)
             Began as a Deep Elf Conjurer on Mar 19, 2015.
             Was the Champion of Vehumet.
             Slain by a fire giant
             ... wielding a +0 great sword of flaming
              (6 damage)
             ... on level 3 of the Vaults on Mar 21, 2015.
             The game lasted 07:42:46 (62845 turns).

ketsa the Eclecticist (Deep Elf Conjurer)          Turns: 62845, Time: 07:42:46

Health: -1/108     AC:  8    Str:  5    XL:     19   Next: 6%
Magic:  35/44      EV: 24    Int: 29    God:    Vehumet [******]
Gold:   2169       SH:  0    Dex: 18    Spells: 15 memorised, 5 levels left

rFire  + . .     SeeInvis .     N - +8 flail "Hoivout" {crush, rPois rN+ Dex+3}
rCold  + + .     Clarity  +     M - +0 robe of Disguise {rN+ Regen+}
rNeg   + + .     SustAb   .     (no shield)
rPois  +         Gourm    .     R - +2 helmet {rF+}
rElec  +         Spirit   .     D - +0 cloak
rCorr  +         Warding  .     Q - +1 pair of gloves
rMut   .         Stasis   .     (no boots)
MR     +++..                    m - amulet of clarity
Stlth  ++++......               H - ring of ice
                                t - ring of protection from magic

@: resistant, repel missiles, extremely resistant to hostile enchantments,
stealthy
A: magic resistance 1
a: Renounce Religion
}: 1/15 runes: barnacled


You were on level 3 of the Vaults.
You worshipped Vehumet.
Vehumet was exalted by your worship.
You were not hungry.

You visited 9 branches of the dungeon, and saw 44 of its levels.
You visited 1 bazaar.
You also visited: Volcano.

You collected 3162 gold pieces.
You spent 993 gold pieces at shops.

Inventory:

Hand weapons
 q - the +7 falchion "Chuless" {slice, rN+}
   (You bought it in a shop in a bazaar)

   It inflicts extra damage upon your enemies.
   It protects you from negative energy.
 N - the +8 flail "Hoivout" (weapon) {crush, rPois rN+ Dex+3}
   (You found it on level 3 of the Lair of Beasts)

   It inflicts extra damage upon your enemies.
   It affects your dexterity (+3).
   It protects you from poison.
   It protects you from negative energy.
Armour
 D - a +0 cloak (worn)
 J - a +2 robe of fire resistance
 M - the +0 robe of Disguise (worn) {rN+ Regen+}
   (You took it off an orc wizard on level 9 of the Dungeon)

   It protects you from negative energy.
   It increases your rate of regeneration.
 Q - a +1 pair of gloves (worn)
 R - a +2 helmet of fire resistance (worn)
Jewellery
 c - the ring "Edur" {Fire Dex+3 Slay+3 Stlth+}
   (You found it on level 8 of the Lair of Beasts)

   [ring of fire]

   It enhances your fire magic, and weakens your ice magic.
   It affects your dexterity (+3).
   It affects your accuracy and damage with ranged weapons and melee attacks
   (+3).
   It protects you from fire.
   It makes you vulnerable to cold.
   It makes you more stealthy.
 l - a +6 ring of evasion
 m - an amulet of clarity (around neck)
 o - an uncursed ring of wizardry
 t - a ring of protection from magic (left hand)
 u - an uncursed ring of stealth
 w - an uncursed ring of protection from fire
 z - an uncursed ring of flight
 H - a ring of ice (right hand)
 V - an uncursed ring of teleport control
 Z - an uncursed amulet of stasis
Magical devices
 U - a wand of heal wounds (4)
Scrolls
 e - 2 scrolls of fear
 g - 7 scrolls of magic mapping
 h - 7 scrolls of remove curse
 r - 5 scrolls of fog
 s - 10 scrolls of identify
 v - 6 scrolls of recharging
 G - 5 scrolls of amnesia
 S - 5 scrolls of enchant armour
 T - 2 scrolls of silence
Potions
 f - 2 potions of restore abilities
 k - 14 potions of curing
 n - 3 potions of brilliance
 x - a potion of magic
 B - 4 potions of haste
 C - 4 potions of agility
 E - 2 potions of cancellation
 F - 6 potions of might
 I - 6 potions of resistance
 L - a potion of invisibility
 Y - a potion of flight
Books
 d - a book of Geomancy

   Spells                             Type                      Level
   a - Sandblast                      Earth                        1
   b - Stoneskin                      Transmutation/Earth          2
   c - Passwall                       Transmutation/Earth          3
   d - Stone Arrow                    Conjuration/Earth            3
   e - Petrify                        Transmutation/Earth          4
   f - Lee's Rapid Deconstruction     Earth                        5
 j - a book of Alchemy

   Spells                             Type                      Level
   a - Sublimation of Blood           Necromancy                   2
   b - Alistair's Intoxication        Transmutation/Poison         4
   c - Condensation Shield            Ice                          4
   d - Petrify                        Transmutation/Earth          4
   e - Ignite Poison                  Fire/Transmutation           5
   f - Irradiate                      Conjuration/Transmutation    5
 p - a Fen Folio

   Spells                             Type                      Level
   a - Corpse Rot                     Necromancy                   2
   b - Stone Arrow                    Conjuration/Earth            3
   c - Leda's Liquefaction            Hexes/Earth                  4
   d - Summon Forest                  Summoning/Translocation      5
   e - Hydra Form                     Transmutation                6
   f - Summon Hydra                   Summoning                    7
 A - a book of Necromancy

   Spells                             Type                      Level
   a - Pain                           Necromancy                   1
   b - Animate Skeleton               Necromancy                   1
   c - Vampiric Draining              Necromancy                   3
   d - Regeneration                   Charms/Necromancy            3
   e - Animate Dead                   Necromancy                   4
   f - Control Undead                 Necromancy                   4
 K - the Incunabulum of Assistive Blows and Bruises
   (You found it on level 8 of the Dungeon)

   Spells                             Type                      Level
   a - Magic Dart                     Conjuration                  1
   b - Song of Slaying                Charms                       2
   c - Searing Ray                    Conjuration                  2
   d - Ozocubu's Armour               Charms/Ice                   3
   e - Conjure Flame                  Conjuration/Fire             3
   f - Deflect Missiles               Charms/Air                   6
 O - a book of Air

   Spells                             Type                      Level
   a - Shock                          Conjuration/Air              1
   b - Swiftness                      Charms/Air                   2
   c - Repel Missiles                 Charms/Air                   2
   d - Flight                         Charms/Air                   3
   e - Static Discharge               Conjuration/Air              3
   f - Lightning Bolt                 Conjuration/Air              5
 P - a Young Poisoner's Handbook

   Spells                             Type                      Level
   a - Sting                          Conjuration/Poison           1
   b - Cure Poison                    Poison                       2
   c - Mephitic Cloud                 Conjuration/Poison/Air       3
   d - Olgreb's Toxic Radiance        Poison                       4
   e - Venom Bolt                     Conjuration/Poison           5
 W - a book of Envenomations

   Spells                             Type                      Level
   a - Spider Form                    Transmutation/Poison         3
   b - Alistair's Intoxication        Transmutation/Poison         4
   c - Olgreb's Toxic Radiance        Poison                       4
   d - Poisonous Cloud                Conjuration/Poison/Air       6
Miscellaneous
 X - a crystal ball of energy
Comestibles
 a - 4 chunks of flesh
 b - 15 bread rations
 i - 10 fruits
 y - 4 meat rations


   Skills:
 + Level 8.3 Fighting
 - Level 14.6 Dodging
 - Level 7.2 Stealth
 + Level 20.2 Spellcasting
 * Level 19.7 Conjurations
 - Level 6.4 Hexes
 - Level 5.0 Charms
 - Level 7.1 Necromancy
 - Level 4.0 Translocations
 - Level 5.9 Fire Magic
 + Level 13.1 Ice Magic
 - Level 4.0 Air Magic
 - Level 4.1 Earth Magic
 - Level 3.7 Poison Magic
 - Level 9.2 Evocations


You had 5 spell levels left.
You knew the following spells:

 Your Spells              Type           Power        Failure   Level  Hunger
a - Magic Dart            Conj           ####         0%          1    None
b - Searing Ray           Conj           ######       0%          2    None
c - Dazzling Spray        Conj/Hex       #######.     1%          3    None
d - Iskenderun's Mystic   Conj           #######.     0%          4    None
e - Fulminant Prism       Conj/Hex       #######...   1%          4    None
f - Iskenderun's Battles  Conj/Chrm      #######.     1%          5    None
g - Blink                 Tloc           N/A          1%          2    None
h - Mephitic Cloud        Conj/Pois/Air  ######..     1%          3    None
i - Airstrike             Air            ######....   1%          4    None
j - Bolt of Cold          Conj/Ice       ########..   1%          6    None
k - Delayed Fireball      Conj/Fire      N/A          2%          7    ###....
l - Repel Missiles        Chrm/Air       ######       1%          2    None
m - Iron Shot             Conj/Erth      #######...   1%          6    None
n - Swiftness             Chrm/Air       ######..     1%          2    None
o - Sublimation of Blood  Necr           ######....   1%          2    None


Dungeon Overview and Level Annotations

Branches:
Dungeon (15/15)            Temple (1/1) D:7            Lair (8/8) D:9
 Shoals (5/5) Lair:3        Snake (5/5) Lair:3        Slime (1/6) Lair:7
    Orc (4/4) D:9             Elf (1/3) Orc:4        Vaults (4/5) D:13
  Crypt: Vaults:2-3  Depths: D:15

Altars:
Ashenzari
Cheibriados
Dithmenos
Elyvilon
Fedhas
Gozag
Kikubaaqudgha
Makhleb
Nemelex Xobeh
Okawaru
Qazlal
Ru
Sif Muna
Trog
Vehumet
Xom
Yredelemnul
Zin
The Shining One
Jiyva

Shops:
D:11 (   D:15 *   Orc:4 (*=   Snake:4 }   Vaults:2 [*   Vaults:3 (

Annotations:
D:2 exclusion: downstairs
D:4 exclusion: downstairs
D:11 exclusion: downstairs
D:12 1 runed door, exclusion: door
D:14 exclusion: downstairs
Lair:2 exclusion: downstairs
Shoals:2 1 exclusion
Orc:4 exclusion: upstairs
Vaults:1 exclusions: door and 1 more exclusion
Vaults:3 exclusion: downstairs


Innate Abilities, Weirdness & Mutations

You are resistant to hostile enchantments.


Message History

Drink which item? (? for menu, Esc to quit)
You feel protected.
The crackle of the magical portal is almost imperceptible now.
The fire giant hits you but does no damage.
An ogre comes into view. It is wielding a giant club.
Casting: Bolt of Cold
Confirm with . or Enter, or press ? or * to list all spells.
Aiming: Bolt of Cold
Press: ? - help, Shift-Dir - straight line, f - ogre, p - fire giant
Aim: an ogre, wielding a giant club You feel a surge of power!
The bolt of cold hits the fire giant.
The fire giant is almost dead.
The bolt of cold hits the ogre.
You kill the ogre!
Vehumet accepts your kill.
You feel your power returning.
The fire giant hits you with a great sword of flaming!!!
* * * LOW HITPOINT WARNING * * *
The fire giant burns you.
You die...

,,,* #....#,,,,,,**,,,,,,, ,,,*
#....#,,,,,,**,,,,,,,
,,,*********#....#,,,,,,**,,,,,,,
,,,+,,,,,,,,#....#,,,,,,**,,,,,,,
,,,+,,,,,,,,#....#********,,,,,,,
****,,,,,,,,#....# *,,,,,,,
####,,,<,,,,#...*###******+*****,
...#,,,,,,,,#....C)#,*,*,*,* **
...#,,,,,,,,+...@#)#,*,*,*,* *
...#********#....#*C#,*,*,** *
...# #....#*,#,*,*,** ...#
#....#,*,*,*,*,* ...#
#....#,*,*,*,*,* * ...#
#....#*,*,*,*,** ** #)#######
#....#*,*,*,*,* *, ..[.....#
#....#********* *, ...)....#
#....# *,


You could see a fire giant.

Vanquished Creatures
  Nikola (Snake:2)
  A sphinx (Vaults:1)
  Polyphemus (Shoals:2)
  Rupert (Lair:6)
  Agnes (Snake:4)
  2 greater nagas
  Maud (Lair:6)
  An orc warlord (Orc:4)
  Aizul (Shoals:1)
  Louise (D:15)
  Gastronok (Orc:1)
  5 stone giants
  8 ironheart preservers
  3 deep elf demonologists
  A deep elf annihilator (Vaults:2)
  A deep elf death mage (Vaults:1)
  6 merfolk javelineers
  4 vault guards
  2 great orbs of eyes
  A fire dragon (Vaults:1)
  5 ogre magi
  A great orb of eyes (shapeshifter) (D:11)
  8 merfolk impalers
  6 naga warriors
  A yaktaur captain (Vaults:1)
  3 catoblepae
  9 hydras
  Nessos (Orc:3)
  9 anacondas
  4 centaur warriors
  A merfolk avatar (Shoals:4)
  An alligator snapping turtle (Shoals:5)
  A merfolk aquamancer (Shoals:4)
  A deep troll shaman (Lair:8)
  A shock serpent (Snake:5)
  4 orc high priests (Orc:4)
  2 satyrs
  7 death yaks
  2 tengu warriors (D:13)
  Nergalle (D:10)
  6 naga sharpshooters
  2 salamander mystics
  5 unseen horrors
  A shadow wraith (Vaults:1)
  18 sea snakes
  7 naga ritualists
  28 ugly things
  Pikel (D:5)
  A tengu zombie (Vaults:1)
  2 wolf spiders
  5 statues (Volcano)
  14 cyclopes
  A stone giant zombie (Vaults:1)
  7 orc knights
  A deep elf conjurer (Vaults:1)
  15 salamanders
  4 ironbrand convokers
  2 necromancers (Vaults:1)
  11 griffons
  9 mana vipers
  A hornet (shapeshifter) (D:12)
  5 orc sorcerers
  An oklob plant (Lair:7)
  5 hill giants
  2 water nymphs
  7 sirens
  9 harpies
  35 black mambas
  A moth of wrath (shapeshifter) (Vaults:2)
  14 manticores
  A guardian serpent (Snake:3)
  3 vault sentinels
  The ghost of Sorcv the Covert, an experienced KoEn of Ashenzari (D:6)
  7 orange demons (D:13)
  14 elephants
  3 gargoyles
  3 yaktaurs (Vaults:1)
  A human zombie (Vaults:1)
  Psyche (D:10)
  A yaktaur zombie (Vaults:1)
  14 spiny frogs
  8 naga magi
  A redback zombie (Vaults:1)
  4 komodo dragons
  2 kobold demonologists (Vaults:3)
  A fire drake (Lair:7)
  3 deep elf priests (Vaults:1)
  10 trolls
  2 red devils (D:13)
  33 merfolk
  A tengu conjurer (D:12)
  Grinder (D:3)
  4 wind drakes
  10 two-headed ogres
  21 slime creatures
  4 boulder beetles
  12 snapping turtles
  31 blink frogs
  A blink frog (shapeshifter) (D:14)
  2 ravens (D:13)
  3 freezing wraiths
  2 shadows
  4 basilisks
  2 human simulacra (Vaults:1)
  A wyvern (D:9)
  26 yaks
  5 deep elf magi
  11 water elementals
  14 hippogriffs
  3 wraiths
  10 vampire mosquitoes
  6 deep elf fighters
  8 wolves
  4 hungry ghosts
  38 water moccasins
  An ogre zombie (Vaults:1)
  A mottled dragon (D:13)
  5 wargs
  10 swamp worms (Lair:8)
  9 porcupines
  An ice beast (D:9)
  8 sky beasts
  34 nagas
  An eye of draining (D:12)
  4 slaves
  3 black bears
  30 ogres
  A phantom (D:9)
  3 necrophages
  40 orc warriors
  19 crocodiles
  4 big kobolds
  13 centaurs
  3 boring beetles
  Blork the orc (D:8)
  A brain worm (D:13)
  2 human skeletons (Vaults:1)
  17 giant frogs
  A wyvern zombie (D:11)
  A wyvern skeleton (D:14)
  5 scorpions
  24 killer bees
  6 lava snakes (Volcano)
  9 electric eels
  4 wights (D:9)
  3 centaur zombies
  6 crimson imps
  5 centaur skeletons
  31 orc priests
  4 goliath beetles
  A giant frog zombie (D:7)
  7 iguanas
  4 jellies
  2 quasits
  13 hounds
  3 giant frog skeletons
  44 orc wizards
  9 worker ants
  A killer bee zombie (D:9)
  8 sheep
  A mummy (D:12)
  7 gnolls
  4 orc zombies
  39 river rats
  36 adders
  3 orc skeletons (Orc:4)
  2 shadow imps
  16 worms
  2 ufetubi (Vaults:3)
  An adder zombie (D:8)
  2 adder skeletons
  5 giant geckos
  2 oozes
  208 orcs
  A bat skeleton (D:4)
  3 giant cockroaches (D:1)
  23 hobgoblins
  5 jackals
  11 quokkas
  A ball python (D:1)
  15 bats
  2 giant gecko skeletons
  5 giant newts
  7 giant spores
  26 goblins
  2 jackal zombies
  23 kobolds
  22 rats
  12 ballistomycetes
  2 bushes
  8 fungi
  29 plants
1595 creatures vanquished.

Vanquished Creatures (others)
  97 fulminant prisms
  A rat (D:8)
  5 fungi
  3 plants (Lair:8)
106 creatures vanquished.

Grand Total: 1701 creatures vanquished

Notes
Turn   | Place    | Note
--------------------------------------------------------------
     0 | D:1      | ketsa, the Deep Elf Conjurer, began the quest for the Orb.
     0 | D:1      | Reached XP level 1. HP: 10/10 MP: 5/5
   276 | D:1      | Reached XP level 2. HP: 15/15 MP: 3/8
   987 | D:2      | Learned a level 2 spell: Searing Ray
  1069 | D:2      | Reached skill level 5 in Conjurations
  1069 | D:2      | Reached XP level 3. HP: 19/19 MP: 2/12
  1203 | D:2      | You fall through a shaft for 2 floors!
  1211 | D:4      | Learned a level 3 spell: Dazzling Spray
  1233 | D:3      | Found a sacrificial altar of Ru.
  1618 | D:2      | Reached XP level 4. HP: 16/24 MP: 8/16
  1721 | D:2      | Learned a level 4 spell: Iskenderun's Mystic Blast
  2327 | D:3      | Noticed Grinder
  2366 | D:3      | Reached skill level 5 in Spellcasting
  2416 | D:3      | Reached skill level 1 in Hexes
  2416 | D:3      | Reached XP level 5. HP: 28/28 MP: 15/19
  3079 | D:3      | Reached skill level 6 in Conjurations
  3111 | D:3      | Reached skill level 1 in Fighting
  3111 | D:3      | Reached XP level 6. HP: 32/34 MP: 16/21
  3866 | D:4      | Learned a level 4 spell: Fulminant Prism
  3887 | D:4      | Noticed a big kobold
  3897 | D:4      | Killed a big kobold
  4532 | D:4      | Reached XP level 7. HP: 39/39 MP: 13/24
  5180 | D:5      | Entered Level 5 of the Dungeon
  5184 | D:5      | Noticed Pikel
  5445 | D:5      | Reached skill level 7 in Spellcasting
  6360 | D:6      | Reached skill level 5 in Hexes
  6466 | D:6      | Reached XP level 8. HP: 45/45 MP: 17/26
  6839 | D:6      | Found a shimmering altar of Xom.
  6848 | D:6      | Found an ancient bone altar of Kikubaaqudgha.
  6978 | D:6      | Noticed Sorcv's ghost (experienced KoEn)
  7113 | D:7      | Found a staircase to the Ecumenical Temple.
  7125 | Temple   | Entered the Ecumenical Temple
  7460 | Temple   | Became a worshipper of Vehumet
  7859 | D:7      | Learned a level 5 spell: Iskenderun's Battlesphere
  7939 | D:7      | Reached skill level 1 in Charms
  8287 | D:8      | Found a shattered altar of Ashenzari.
  8470 | D:8      | Reached skill level 8 in Spellcasting
  8515 | D:8      | Identified the Incunabulum of Assistive Blows and Bruises
  8522 | D:8      | Noticed Blork the orc
  8528 | D:8      | Killed Blork the orc
  8733 | D:8      | Lost strength.
  8909 | D:9      | Acquired Vehumet's first power
  8909 | D:9      | Offered knowledge of Flame Tongue by Vehumet.
  9030 | D:9      | Found a staircase to the Orcish Mines.
  9054 | Orc:1    | Entered Level 1 of the Orcish Mines
  9066 | D:9      | Found a staircase to the Lair.
  9110 | D:9      | Found a blossoming altar of Fedhas.
  9224 | D:9      | Reached XP level 9. HP: 44/51 MP: 29/29
  9287 | Lair:1   | Entered Level 1 of the Lair of Beasts
  9354 | Lair:1   | Learned a level 1 spell: Flame Tongue
  9422 | Lair:1   | Noticed a spiny frog
  9459 | D:10     | Entered Level 10 of the Dungeon
  9535 | D:9      | Reached skill level 9 in Conjurations
  9763 | D:9      | Reached skill level 5 in Charms
  9862 | D:9      | Got an ancient robe
  9873 | D:9      | Identified the +0 robe of Disguise {rN+ Regen+} (You took it off an orc wizard on level 9 of the Dungeon)
  9988 | D:9      | Reached skill level 1 in Fire Magic
 10194 | D:9      | Offered knowledge of Shock by Vehumet.
 10205 | D:9      | Learned a level 1 spell: Shock
 10530 | D:9      | Found a glowing silver altar of Zin.
 10737 | D:10     | Reached skill level 1 in Air Magic
 10781 | D:10     | Noticed Psyche
 10790 | D:10     | Killed Psyche
 10853 | D:10     | Noticed a centaur zombie
 10947 | Lair:1   | Killed a spiny frog
 10947 | Lair:1   | Reached skill level 10 in Conjurations
 11036 | Lair:1   | Noticed a komodo dragon
 11042 | Lair:1   | Killed a komodo dragon
 11042 | Lair:1   | Reached skill level 5 in Dodging
 11042 | Lair:1   | Reached XP level 10. HP: 56/56 MP: 24/31
 11276 | Lair:1   | Noticed a black mamba
 11283 | Lair:1   | Killed a black mamba
 11565 | Lair:1   | Noticed a spiny frog
 11572 | Lair:1   | Killed a spiny frog
 11751 | Lair:1   | Reached skill level 10 in Spellcasting
 12130 | D:3      | Killed Grinder
 12130 | D:3      | Reached skill level 11 in Conjurations
 12208 | D:4      | Offered knowledge of Throw Flame by Vehumet.
 12281 | D:5      | Killed Pikel
 12610 | D:8      | Reached skill level 5 in Fire Magic
 12647 | D:8      | Acquired Vehumet's second power
 12942 | D:10     | Killed a centaur zombie
 13336 | Lair:1   | Reached XP level 11. HP: 55/60 MP: 22/32
 13421 | Lair:2   | Offered knowledge of Airstrike by Vehumet.
 13427 | Lair:2   | Learned a level 4 spell: Airstrike
 13492 | Lair:2   | Reached skill level 12 in Conjurations
 13590 | Lair:2   | Noticed a seven-headed hydra
 14496 | Lair:3   | Acquired Vehumet's third power
 14601 | Lair:3   | Found a dark tunnel.
 14606 | Volcano  | Entered a volcano
 14648 | Volcano  | Offered knowledge of Inner Flame by Vehumet.
 15081 | Volcano  | Reached skill level 13 in Conjurations
 15403 | Volcano  | Found a bloodstained altar of Trog.
 15665 | Lair:3   | Got a crude flail
 15666 | Lair:3   | Identified the +8 flail "Hoivout" {crush, rPois rN+ Dex+3} (You found it on level 3 of the Lair of Beasts)
 15783 | Lair:3   | Found a staircase to the Snake Pit.
 15807 | Snake:1  | Entered Level 1 of the Snake Pit
 16051 | Lair:3   | Found a staircase to the Shoals.
 16552 | Lair:3   | Noticed a six-headed hydra
 16642 | Lair:3   | Reached XP level 12. HP: 67/67 MP: 25/35
 17339 | Orc:4    | Entered Level 4 of the Orcish Mines
 17584 | D:10     | Offered knowledge of Ozocubu's Refrigeration by Vehumet.
 17672 | D:10     | Reached skill level 1 in Evocations
 17781 | D:10     | Killed an unseen horror
 17888 | D:10     | Noticed Nergalle
 17896 | D:10     | Killed Nergalle
 18364 | D:11     | Found Blukket's Antique Weapon Boutique.
 18364 | D:11     | Noticed a centaur skeleton
 18369 | D:11     | Killed a centaur skeleton
 18876 | D:11     | Reached skill level 14 in Conjurations
 19138 | D:11     | Noticed a cyclops
 19143 | D:11     | Killed a cyclops
 19638 | Lair:4   | Noticed a seven-headed hydra
 19643 | Lair:4   | Killed a seven-headed hydra
 19646 | Lair:4   | Noticed a six-headed hydra
 19649 | Lair:4   | Killed a six-headed hydra
 20279 | Lair:4   | Reached skill level 10 in Dodging
 20395 | Lair:4   | Reached skill level 5 in Evocations
 21034 | Lair:5   | Reached XP level 13. HP: 72/72 MP: 21/36
 22052 | Lair:6   | Noticed Rupert
 22194 | Lair:6   | Offered knowledge of Sticky Flame by Vehumet.
 22244 | Lair:6   | Reached skill level 15 in Conjurations
 22591 | Lair:6   | Noticed Maud
 23424 | Lair:7   | Found a staircase to the Slime Pits.
 23424 | Lair:7   | Found a viscous altar of Jiyva.
 23433 | Slime:1  | Entered Level 1 of the Pits of Slime
 25331 | Lair:2   | Killed a seven-headed hydra
 25430 | D:9      | Noticed a centaur warrior
 25438 | D:9      | Killed a centaur warrior
 25884 | D:12     | Found a runed door.
 25885 | D:12     | Noticed a tengu reaver
 25885 | D:12     | Noticed a deep elf high priest
 26231 | D:12     | Offered knowledge of Venom Bolt by Vehumet.
 26469 | D:12     | Noticed a centaur warrior
 27024 | Orc:4    | Found a staircase to the Elven Halls.
 27048 | Orc:4    | Reached skill level 5 in Fighting
 27144 | Orc:4    | Reached XP level 14. HP: 78/78 MP: 7/38
 27701 | Orc:4    | Offered knowledge of Bolt of Cold by Vehumet.
 27712 | Orc:4    | Learned a level 6 spell: Bolt of Cold
 27944 | Orc:4    | Reached skill level 1 in Ice Magic
 28067 | Orc:4    | Noticed an orc warlord
 28092 | Orc:4    | Killed an orc warlord
 28092 | Orc:4    | Reached skill level 16 in Conjurations
 28689 | Orc:4    | Found Thoib's General Store.
 28691 | Orc:4    | Found Toucw's Jewellery Shop.
 28692 | Orc:4    | Found Voang's Antique Armour Boutique.
 28692 | Orc:4    | Found Woimeaz's Antique Weapon Boutique.
 28699 | Orc:4    | Reached skill level 15 in Spellcasting
 28875 | Orc:3    | Noticed Nessos
 29394 | Orc:1    | Noticed Gastronok
 29411 | Orc:1    | Killed Gastronok
 30159 | Orc:3    | Killed Nessos
 30579 | Orc:3    | Offered knowledge of Delayed Fireball by Vehumet.
 30588 | Orc:3    | Learned a level 7 spell: Delayed Fireball
 30920 | Elf:1    | Entered Level 1 of the Elven Halls
 31022 | D:9      | Upgraded the game from 0.16.0-16-g311141a to 0.16.0-17-g811c1d7
 31198 | Snake:1  | Noticed an anaconda
 31231 | Snake:1  | Killed an anaconda
 31231 | Snake:1  | Reached skill level 5 in Ice Magic
 31374 | Shoals:1 | Entered Level 1 of the Shoals
 32848 | D:13     | Found a gate to the Vaults.
 34129 | D:13     | Learned a level 2 spell: Repel Missiles
 34505 | D:12     | Reached XP level 15. HP: 82/82 MP: 26/40
 34776 | D:13     | Reached skill level 17 in Conjurations
 35094 | D:12     | Killed a centaur warrior
 35956 | D:15     | Entered Level 15 of the Dungeon
 36372 | D:14     | Offered knowledge of Iron Shot by Vehumet.
 36758 | D:15     | Noticed Louise
 37649 | Shoals:2 | Found a flickering gateway to a bazaar.
 37691 | Bazaar   | Entered a bazaar
 37691 | Bazaar   | Found Yzeyh's Antique Armour Shop.
 37715 | Bazaar   | Found Xoniosos' Antique Weapon Shop.
 37735 | Bazaar   | Found Grear's General Store.
 37744 | Bazaar   | Bought a scroll of blinking for 82 gold pieces
 37744 | Bazaar   | Bought a scroll of amnesia for 38 gold pieces
 37744 | Bazaar   | Bought a scroll of identify for 22 gold pieces
 37744 | Bazaar   | Bought a scroll of amnesia for 38 gold pieces
 37764 | Bazaar   | Bought a bloodstained falchion for 208 gold pieces
 37764 | Bazaar   | Identified the +7 falchion "Chuless" {slice, rN+} (You bought it in a shop in a bazaar)
 37786 | Bazaar   | Bought an uncursed ring of protection from fire for 275 gold pieces
 37786 | Bazaar   | Bought a book of Necromancy for 330 gold pieces
 37856 | Shoals:1 | Learned a level 6 spell: Iron Shot
 38169 | Shoals:1 | Noticed Aizul
 38638 | Snake:1  | Noticed a naga ritualist
 38641 | Snake:1  | Noticed an anaconda
 38644 | Snake:1  | Killed an anaconda
 38646 | Snake:1  | Killed a naga ritualist
 38660 | Snake:1  | Noticed a naga ritualist
 38671 | Snake:1  | Killed a naga ritualist
 39078 | Snake:1  | Gained mutation: You are resistant to hostile enchantments. [potion of beneficial mutation]
 39128 | Snake:1  | Noticed a naga warrior
 39132 | Snake:1  | Killed a naga warrior
 39136 | Snake:1  | Noticed a salamander mystic
 39188 | Snake:1  | Killed a salamander mystic
 39188 | Snake:1  | Reached skill level 5 in Stealth
 39597 | Snake:2  | Noticed Nikola
 39780 | Snake:2  | Reached skill level 1 in Earth Magic
 39975 | Snake:3  | Offered knowledge of Bolt of Fire by Vehumet.
 40643 | Snake:2  | Reached XP level 16. HP: 58/87 MP: 16/41
 40973 | Snake:2  | Killed Nikola
 42220 | Snake:4  | Noticed Agnes
 42247 | Snake:4  | Killed Agnes
 43125 | Snake:5  | Entered Level 5 of the Snake Pit
 43268 | Snake:4  | Offered knowledge of Glaciate by Vehumet.
 43268 | Snake:4  | Offered knowledge of Chain Lightning by Vehumet.
 43268 | Snake:4  | Offered knowledge of Tornado by Vehumet.
 43278 | Snake:4  | Reached skill level 18 in Conjurations
 43654 | Snake:4  | Found Fuadat's Gadget Shoppe.
 43963 | Snake:4  | Reached skill level 10 in Ice Magic
 45640 | D:15     | Found Gozag's Platinum Reserve.
 45644 | D:15     | Found an opulent altar of Gozag.
 46337 | D:15     | Killed Louise
 46461 | D:14     | Learned a level 2 spell: Blink
 46464 | D:14     | Learned a level 2 spell: Swiftness
 46469 | D:14     | Learned a level 3 spell: Mephitic Cloud
 46812 | Shoals:2 | Reached skill level 1 in Poison Magic
 47122 | Shoals:2 | Reached XP level 17. HP: 92/92 MP: 34/42
 47282 | Shoals:2 | You fall through a shaft for 2 floors!
 47503 | Shoals:5 | Entered Level 5 of the Shoals
 48288 | Shoals:2 | Noticed Polyphemus
 48301 | Shoals:2 | Killed Polyphemus
 49683 | Shoals:4 | Reached skill level 1 in Translocations
 50823 | Shoals:5 | Found a deep blue altar of Sif Muna.
 52107 | Shoals:5 | Reached skill level 19 in Spellcasting
 52742 | Shoals:5 | Got a barnacled rune of Zot
 53009 | Shoals:1 | Killed Aizul
 53788 | Lair:3   | Killed a six-headed hydra
 53978 | Lair:8   | Entered Level 8 of the Lair of Beasts
 55409 | Lair:8   | Reached XP level 18. HP: 99/101 MP: 26/43
 55537 | Lair:8   | Got a crude brass ring
 55539 | Lair:8   | Identified the ring "Edur" {Fire Dex+3 Slay+3 Stlth+} (You found it on level 8 of the Lair of Beasts)
 55559 | Lair:8   | Learned a level 2 spell: Sublimation of Blood
 55961 | Lair:8   | Reached skill level 1 in Necromancy
 57030 | D:6      | Killed Sorcv's ghost
 57355 | Lair:6   | Killed Maud
 57470 | Lair:6   | Paralysed by Rupert for 6 turns
 57479 | Lair:6   | Killed Rupert
 57861 | Vaults:1 | Entered Level 1 of the Vaults
 59296 | Vaults:1 | Reached skill level 5 in Necromancy
 61398 | Vaults:2 | Found Muvamulo's Antique Armour Boutique.
 61629 | Vaults:2 | Found Cleemofi's General Store.
 61780 | Vaults:2 | Reached skill level 20 in Spellcasting
 62247 | Vaults:3 | Found Clushiang's Antique Weapon Boutique.
 62663 | Vaults:3 | Reached XP level 19. HP: 107/107 MP: 32/44
 62845 | Vaults:3 | HP: 5/108 [fire giant/great sword of flaming (36)]
 62845 | Vaults:3 | Slain by a fire giant

Action                   |  1- 3 |  4- 6 |  7- 9 | 10-12 | 13-15 | 16-18 | 19-21 || total
-------------------------+-------+-------+-------+-------+-------+-------+-------++-------
Melee: Dagger            |     1 |       |       |       |       |       |       ||     1
       Short sword       |       |     5 |    64 |    32 |       |       |       ||   101
       Flail             |       |       |       |    14 |    16 |   164 |       ||   194
 Cast: Magic Dart        |    48 |   139 |   310 |   427 |   624 |   365 |     1 ||  1914
       Searing Ray       |     6 |    12 |    38 |    32 |    38 |    12 |       ||   138
       Iskenderun's Myst |       |     6 |     5 |    39 |   185 |   200 |     5 ||   440
       Dazzling Spray    |       |       |     3 |     1 |     6 |     1 |       ||    11
       Iskenderun's Batt |       |       |    20 |   112 |   217 |   200 |     2 ||   551
       Fulminant Prism   |       |       |       |    17 |    56 |    24 |       ||    97
       Bolt of Cold      |       |       |       |       |   120 |   381 |    14 ||   515
       Delayed Fireball  |       |       |       |       |     7 |    14 |       ||    21
       Shock             |       |       |       |       |     8 |       |       ||     8
       Repel Missiles    |       |       |       |       |     1 |    10 |       ||    11
       Airstrike         |       |       |       |       |       |    20 |       ||    20
       Sublimation of Bl |       |       |       |       |       |    42 |     8 ||    50
 Abil: Release Delayed F |       |       |       |       |     6 |    15 |       ||    21
       Evoke Flight      |       |       |       |       |       |     3 |       ||     3
Evoke: Wand              |       |       |       |       |       |     6 |       ||     6
       Crystal ball of e |       |       |       |       |       |     1 |       ||     1
  Use: Scroll            |     2 |     1 |    14 |    11 |    20 |    10 |       ||    58
       Potion            |       |       |     1 |       |    11 |     3 |     2 ||    17
 Stab: Sleeping          |       |       |     2 |     1 |       |     1 |       ||     4
  Eat: Chunk             |     2 |     8 |    23 |    34 |    60 |    51 |       ||   178
       Royal jelly       |       |     1 |       |     1 |     1 |       |       ||     3
       Fruit             |       |       |     2 |     4 |    17 |    19 |       ||    42
       Pizza             |       |       |       |     1 |       |     6 |       ||     7
       Beef jerky        |       |       |       |     1 |     1 |     1 |       ||     3
